Map: Thunderbird LE

Players

COTEBMG - Winner!

  • Race: Terran Terran
  • League: Platinum
  • Spawn Location: 5:00

pHARM

  • Race: Zerg Zerg
  • League: Platinum
  • Spawn Location: 11:00

VOD

Have the link to the VOD?

Description

Time

  • Played on: Sept. 4, 2019, 11:06 p.m.
  • Length: 12:00
Show
View Real Time Build Order
Export as new Build Order

COTEBMG Terran - Winner!

Build Orders:  

Get SALT Encoding   

  12  0:01  SCV  
  13  0:13  SCV  
  14  0:25  SCV  
  14  0:27  Supply Depot  
  15  0:31  Refinery  
  15  0:49  Barracks  
  15  1:01  SCV  
  16  1:13  SCV  
  17  1:25  SCV  
  18  1:34  Refinery  
  18  1:37  Bunker, Supply Depot  
  18  1:41  SCV  
  18  1:43  Reaper  
  19  2:01  SCV  
  20  2:13  SCV  
  20  2:15  Factory  
  21  2:17  Marine  
  22  2:23  Supply Depot  
  22  2:25  Orbital Command  
  22  2:35  Marine  
  23  2:52  Marine  
  24  3:00  Factory Reactor  
  24  3:20  Marine, Starport  
  24  3:22  SCV  
  24  3:27  Supply Depot  
  26  3:31  Armory  
  26  3:34  SCV  
  26  3:37  Hellion x2  
  31  3:46  SCV  
  32  3:49  Supply Depot  
  32  3:58  SCV  
  32  3:59  Hellion  
  32  4:01  Hellion  
  37  4:07  Viking  
  37  4:09  Marine  
  40  4:11  SCV  
  41  4:22  Hellion x2  
  41  4:23  SCV  
  46  4:27  Marine  
  47  4:33  Supply Depot  
  47  4:39  Starport  
  47  4:45  Starport Tech Lab  
  47  4:56  Starport  
  47  5:29  Starport Tech Lab  
  47  5:32  Marine  
  47  5:34  Banshee  
  47  5:35  Cloaking Field  
  51  5:36  Starport Tech Lab  
  51  5:49  Banshee, Hyperflight Rotors  
  54  5:50  Marine  
  55  6:17  Banshee  
  58  6:20  Banshee  
  61  6:35  Banshee  
  47  6:47  Hellion x2  
  47  6:53  Command Center  
  49  7:02  Engineering Bay  
  49  7:08  Banshee  
  49  7:09  Banshee  
  57  7:15  Hellion  
  57  7:16  Hellion  
  57  7:19  Hellion x2  
  57  7:21  Banshee  
  62  7:30  Missile Turret  
  62  7:34  Missile Turret  
  62  8:02  Marine  
  55  8:51  Liberator x2  
  55  9:09  Orbital Command  
  61  9:11  Siege Tank  
  64  9:43  Siege Tank  
  64  10:15  Orbital Command  
  64  10:30  Factory  
  64  10:32  Factory  
  64  10:45  SCV  
  64  10:46  SCV  
  66  10:58  SCV x2  
  68  11:06  Siege Tank  
  68  11:07  Marine  
  68  11:10  SCV x2  
  74  11:15  Refinery  
  74  11:18  Refinery  
  74  11:22  SCV x2  
  74  11:25  Marine  
  77  11:34  SCV x2  
  82  11:46  SCV x2  
Show
View Real Time Build Order
Export as new Build Order

pHARM Zerg 

Build Orders: Hatch First 

Get SALT Encoding   

  12  0:01  Drone  
  13  0:13  Overlord  
  13  0:20  Drone  
  14  0:32  Drone x2  
  16  0:52  Hatchery  
  15  1:04  Drone  
  15  1:05  Drone x2  
  18  1:21  Evolution Chamber  
  17  1:30  Drone x2  
  19  1:38  Drone  
  20  1:55  Spawning Pool  
  20  2:00  Drone  
  20  2:01  Drone  
  21  2:08  Drone  
  22  2:19  Overlord  
  22  2:20  Overlord  
  22  2:29  Drone  
  23  2:30  Drone  
  23  2:32  Drone  
  25  2:39  Drone  
  25  2:42  Queen x2  
  30  2:51  Zergling x4  
  29  3:00  Drone x2  
  29  3:13  Drone  
  29  3:14  Drone x2  
  32  3:30  Queen x2  
  36  3:38  Drone x4  
  40  3:56  Extractor  
  39  4:04  Drone x5  
  39  4:06  Overlord  
  39  4:07  Overlord x3  
  44  4:14  Hatchery  
  43  4:20  Extractor  
  43  4:22  Extractor  
  41  4:32  Drone  
  41  4:33  Drone x5  
  47  4:49  Drone x3  
  50  5:01  Pneumatized Carapace  
  50  5:17  Zergling x16  
  58  5:22  Baneling Nest  
  57  5:31  Zergling x2  
  57  5:32  Zergling x8  
  62  5:39  Metabolic Boost  
  62  5:42  Zerg Melee Weapons Level 1  
  62  5:49  Overlord x2  
  62  5:50  Zergling x8  
  59  6:13  Baneling  
  59  6:15  Baneling x16  
  56  6:20  Zergling x2  
  56  6:21  Zergling x26  
  55  6:48  Drone x7  
  62  6:58  Drone x2  
  64  7:12  Lair  
  64  7:13  Extractor  
  63  7:19  Drone x6  
  69  7:41  Baneling Nest, Zerg Ground Armor Level 1  
  68  8:00  Drone  
  68  8:01  Drone x17  
  86  8:08  Spore Crawler  
  86  8:09  Spore Crawler, Queen  
  86  8:10  Queen x2  
  90  8:14  Spore Crawler  
  90  8:15  Spore Crawler  
  86  8:29  Overseer x2  
  86  8:33  Spore Crawler  
  86  8:34  Spore Crawler  
  75  8:45  Queen x2  
  61  8:57  Spore Crawler  
  61  8:58  Spore Crawler  
  61  9:02  Hydralisk Den  
  58  9:07  Evolution Chamber  
  58  9:08  Extractor  
  58  9:09  Extractor  
  50  9:33  Hydralisk  
  50  9:34  Hydralisk x13  
  69  10:21  Hatchery  
  67  10:42  Spawning Pool  
  63  10:55  Drone  
  64  11:02  Drone x7  
  71  11:22  Hatchery  
  62  11:56  Spawning Pool  
Tags
 
Matchup
TvZ
Replay Pack
10.7.19
Spawn Locations
Cross Positions
Add a new tag
Caveats
  • Supply blocks, unpowered buildings, or Contaminate may cause inaccurate times.
  • Supply counts are checked every 10 seconds.